 Dungeon Crawl Stone Soup version 0.31.0-32-g396128a36d (webtiles) character file.

Game seed: 14321422998096458203

46 cdecastro the Grasshopper (level 3, 0/31 HPs)
             Began as an Armataur Warper on Mar 18, 2024.
             Slain by a gnoll
             ... wielding a +0 flail
              (2 damage)
             ... on level 1 of the Dungeon on Mar 19, 2024.
             The game lasted 00:02:08 (985 turns).

cdecastro the Grasshopper (Armataur Warper)          Turns: 985, Time: 00:02:09

Health: 0/31       AC:  6    Str: 16    XL:     3   Next: 46%
Magic:  5/5        EV:  7    Int: 15    God:
Gold:   102        SH:  0    Dex:  9    Spells: 5/5 levels left

rFire   . . .        l - +2 dagger (venom)
rCold   . . .        (no shield)
rNeg    . . .        g - +0 scale mail
rPois   .            (no helmet)
rElec   .            (no cloak)
rCorr   .            (no gloves)
SInv    .            (no barding)
Will    .....        (no amulet) Stlth
                     (no ring)
HPRegen 0.25/turn    (no ring)
MPRegen 0.09/turn

%: roll
@: no status effects
A: large, deformed body, tough skin 3, armoured tail, roll 1
a: no special abilities


You were on level 1 of the Dungeon.
You visited 1 branch of the dungeon, and saw 2 of its levels.

You collected 102 gold pieces.

Inventory:

Hand Weapons
 a - a +0 mace
 l - a +2 dagger of venom (weapon)
Missiles
 d - 7 darts of dispersal (quivered)
Armour
 b - a +0 leather armour
 g - a +0 scale mail (worn)
 i - a +0 helmet
Scrolls
 e - 2 scrolls of teleportation {unknown}
 j - a scroll of noise {unknown}
 m - a scroll of amnesia {unknown}
 n - a scroll of silence {unknown}
Potions
 f - a potion of attraction {unknown}
 h - a potion of haste {unknown}
 k - a potion of berserk rage {unknown}


   Skills:
 * Level 3.1 Fighting
 - Level 1.7 Maces & Flails
 - Level 0.8 Throwing
 - Level 1.2 Armour
 - Level 1.3 Dodging
 - Level 1.7 Spellcasting
 + Level 3.5 Translocations


You had 5 spell levels left.
You didn't know any spells.
Your spell library contained the following spells:

 Spells                   Type           Power      Damage    Failure   Level
 Blink                    Tloc           24%        N/A       28%         2
 Lesser Beckoning         Tloc           24%        N/A       28%         2
 Teleport Other           Tloc           12%        N/A       50%         3
 Manifold Assault         Tloc           12%        N/A       88%         4
 Vhi's Electric Charge    Tloc/Air       12%        N/A       99%         4


Dungeon Overview and Level Annotations

Branches:
Dungeon (2/15)

Altars:


Innate Abilities, Weirdness & Mutations

Armour fits poorly on your strangely shaped body.
You have extremely tough skin. (AC +3)
You have a long armoured tail.
You regenerate magic when rolling toward enemies. (Rampage MPRegen)


Message History

The rat bites you. The gnoll hits you with a +0 spear.
Your Fighting skill increases to level 3!
You completely miss the gnoll. The frilled lizard bites you.
The gnoll hits you with a +0 flail!
* * * LOW HITPOINT WARNING * * *
The rat closely misses you. The gnoll hits you with a +0 spear.
* * * LOW HITPOINT WARNING * * *
Unknown command.
Blink to where?
Press: ? - help, Dir - move target
As you read the scroll of blinking, it crumbles to dust.
You see here a +0 club.
There is a stone staircase leading up here.
You climb upwards.
There is a stone staircase leading down here.
You start resting.
HP restored.
You climb downwards.
The gnoll barely misses you. The gnoll hits you with a +0 flail.
There is a stone staircase leading up here.
Unknown command.
The gnoll closely misses you. The gnoll hits you with a +0 flail!
You climb upwards.
There is a stone staircase leading down here.
Unknown command.
You hit the gnoll.
The gnoll is poisoned.
The gnoll is lightly wounded.
The gnoll barely misses you. The gnoll hits you with a +0 flail.
You hit the gnoll.
The gnoll looks as sick as possible!
The gnoll is moderately wounded.
The gnoll hits you with a +0 flail.
* * * LOW HITPOINT WARNING * * *
The gnoll hits you with a +0 flail!
* * * LOW HITPOINT WARNING * * *
You barely miss the gnoll.
The gnoll is moderately wounded.
The gnoll hits you with a +0 flail.
* * * LOW HITPOINT WARNING * * *
The gnoll hits you with a +0 flail.
You die...

#.......#.###
#.#####.#.#.# #.#
#.#.#.# #.#
#.#.#.#
#.#####.#...#
........###.#
..####......##
#######.###..#####
........'.#....g@#
.########.######g#
....# #.# #.#
.##.# #.# #.#
รท##.#####.## #.#
.##.##..'.<# #.#
..#.##.##.## #.#
..#.....#.# #.#
#.###.###.# #.#


You could see 2 gnolls.

Vanquished Creatures
  A gnoll (D:2)
  A ribbon worm (D:2)
  A dart slug (D:1)
  6 endoplasms (D:1)
  3 giant cockroaches (D:1)
  2 goblins
  3 hobgoblins
  2 kobolds (D:1)
  A quokka (D:1)
  2 ball pythons (D:1)
  2 bats (D:1)
  2 frilled lizards (D:1)
  2 rats
28 creatures vanquished.

Notes
Turn   | Place    | Note
-------+----------+-------------------------------------------
     0 | D:1      | cdecastro the Armataur Warper began the quest for the Orb.
     0 | D:1      | Reached XP level 1. HP: 17/17 MP: 3/3
   314 | D:1      | Reached XP level 2. HP: 20/24 MP: 4/4
   732 | D:1      | Reached XP level 3. HP: 30/30 MP: 5/5
   985 | D:1      | Slain by a gnoll

Illustrated notes

Levels and vault maps discovered:
D:1:      minmay_arrival_three_doors, layout_basic
D:2:      layout_rooms, uniq_sigmund

Skill      XL: |  1  2  3 |
---------------+----------+-----
Fighting       | 2 3 |  3.1
Maces & Flails | |  1.7
Throwing       | |  0.8
Armour         | |  1.2
Dodging        | |  1.3
Spellcasting   | |  1.7
Translocations | |  3.5

Action                     || total
---------------------------++-------
  Melee: Mace              ||    75
         Tailslap          ||     5
         Dagger            ||    15
    Use: Scroll            ||     1
 Armour: Scale mail        ||    73
         Leather armour    ||     5
  Dodge: Dodged            ||    49
